 Dungeon Sprint DCSS version 0.25.1-2-g60ff931df9 (webtiles) character file.

Game seed: 4194396728357151785

429 jbtxwes the Cleaver (level 6, -8/66 HPs)
             Began as a Hill Orc Fighter on Nov 20, 2020.
             Was a Follower of Makhleb.
             Mangled by a troll (11 damage)
             ... in the Dungeon (Sprint IX: "|||||||||||||||||||||||||||||").
             The game lasted 00:03:21 (472 turns).

jbtxwes the Cleaver (Hill Orc Fighter)               Turns: 472, Time: 00:03:21

Health: -8/66      AC:  7    Str: 21    XL:     6   Next: 98%
Magic:  6/6        EV:  8    Int:  8    God:    Makhleb [*.....]
Gold:   0          SH: 10    Dex: 10    Spells: 5/5 levels left

rFire    . . .     SeeInvis .   a - +0 war axe
rCold    . . .     Gourm    .   c - +0 kite shield
rNeg     . . .     Faith    .   b - +0 scale mail
rPois    .         Spirit   .   (no helmet)
rElec    .         Reflect  .   (no cloak)
rCorr    .         Harm     .   (no gloves)
MR       .....     NoTele   +   (no boots)
Stlth    ..........             (no amulet)
HPRegen  0.21/turn              (no ring)
MPRegen  0.10/turn              (no ring)

@: no status effects
A: no striking features
a: Renounce Religion


You were in the Dungeon.
You worshipped Makhleb.
Makhleb was aware of your devotion.
You were hungry.

You visited 1 branch

Inventory:

Hand Weapons
 a - a +0 war axe (weapon)
 o - a +4 quarterstaff of speed
 p - a +3 war axe of freezing
Armour
 b - a +0 scale mail (worn)
 c - a +0 kite shield (worn)
 q - a +0 helmet
 r - a +1 scale mail
Jewellery
 s - a +3 ring of strength
 t - a +3 ring of strength
Wands
 n - a wand of acid (10)
Scrolls
 k - 2 scrolls of blinking
 l - 3 scrolls of remove curse
 m - 2 scrolls of amnesia
Potions
 d - a potion of might
 e - a potion of invisibility
 g - 3 potions of heal wounds
 h - a potion of haste
 i - 4 potions of magic
 j - 4 potions of curing
Comestibles
 f - a ration


   Skills:
 * Level 9.8 Fighting
 * Level 12.8 Axes
 + Level 6.2 Armour
 + Level 1.7 Dodging
 + Level 6.0 Shields


You had 5 spell levels left.
You didn't know any spells.
Your spell library was empty.

Dungeon Overview and Level Annotations

Branches:
Dungeon (1/1)

Altars:
Cheibriados
Dithmenos
Elyvilon
Fedhas
Gozag
Hepliaklqana
Kikubaaqudgha
Makhleb
Nemelex Xobeh
Okawaru
Qazlal
Ru
Sif Muna
Trog
Uskayaw
Vehumet
Wu Jian
Xom
Yredelemnul
Zin
The Shining One
Beogh
Jiyva
Lugonu


Message History

The troll is heavily wounded.
You block the troll's attack.
The troll claws you but does no damage. x2
You hit the troll.
The troll is heavily wounded.
You closely miss the troll.
The troll is heavily wounded.
The troll bites you but does no damage. You block the troll's attack.
The troll claws you but does no damage.
You hit the troll.
The troll is heavily wounded.
The troll bites you!
* * * LOW HITPOINT WARNING * * *
The troll claws you!
* * * LOW HITPOINT WARNING * * *
The troll claws you.
* * * LOW HITPOINT WARNING * * *
You slash the troll!
The troll is severely wounded.
The troll bites you!
You die... ▓▓▓▓▓▓▓▓▓▓▓▓▓▓▓▓▓▓▓▓▓▓▓▓ _______'..|).[..@TOh.... ▓▓▓▓▓▓▓▓▓▓▓▓▓▓▓▓▓▓▓▓▓▓▓▓

You could see a two-headed ogre, a troll and a howler monkey (catching breath).

Vanquished Creatures
  A hungry ghost (D)
  An ice beast (D)
  A centaur (D)
  An ogre (D)
  2 worker ants (D)
  A worm (D)
  A dart slug (D)
  A bat skeleton (D)
  A hobgoblin (D)
  2 kobolds (D)
  A frilled lizard (D)
13 creatures vanquished.

Notes
Turn   | Place    | Note
-------+----------+-------------------------------------------
     0 | D        | jbtxwes the Hill Orc Fighter began the quest for the Orb.
     0 | D        | Reached XP level 1. HP: 19/19 MP: 1/1
     9 | D        | Reached skill level 3 in Axes
    22 | D        | Reached XP level 2. HP: 21/28 MP: 2/2
   117 | D        | Noticed an ogre
   122 | D        | Killed an ogre
   122 | D        | Reached skill level 6 in Axes
   122 | D        | Reached skill level 5 in Armour
   122 | D        | Reached XP level 3. HP: 18/38 MP: 3/3
   122 | D        | Reached XP level 4. HP: 21/45 MP: 4/4
   125 | D        | Reached skill level 7 in Axes
   135 | D        | Reached skill level 8 in Axes
   135 | D        | Reached skill level 5 in Shields
   135 | D        | Reached XP level 5. HP: 4/52 MP: 5/5
   135 | D        | HP: 2/52 [poisoned by a worker ant]
   394 | D        | Found a roughly hewn altar of Beogh.
   394 | D        | Found a snail-covered altar of Cheibriados.
   394 | D        | Found a shadowy altar of Dithmenos.
   394 | D        | Found a white marble altar of Elyvilon.
   394 | D        | Found a blossoming altar of Fedhas.
   394 | D        | Found an opulent altar of Gozag.
   395 | D        | Found a hazy altar of Hepliaklqana.
   396 | D        | Found a viscous altar of Jiyva.
   397 | D        | Found an ancient bone altar of Kikubaaqudgha.
   398 | D        | Found a corrupted altar of Lugonu.
   399 | D        | Found a burning altar of Makhleb.
   400 | D        | Found a sparkling altar of Nemelex Xobeh.
   401 | D        | Found an iron altar of Okawaru.
   402 | D        | Found a stormy altar of Qazlal.
   403 | D        | Found a sacrificial altar of Ru.
   404 | D        | Found a shimmering blue altar of Sif Muna.
   405 | D        | Found a bloodstained altar of Trog.
   406 | D        | Found a hide-covered altar of Uskayaw.
   407 | D        | Found a radiant altar of Vehumet.
   408 | D        | Found an ornate altar of the Wu Jian Council.
   409 | D        | Found a shimmering altar of Xom.
   415 | D        | Became a worshipper of Makhleb the Destroyer
   419 | D        | Found a basalt altar of Yredelemnul.
   420 | D        | Found a glowing silver altar of Zin.
   421 | D        | Found a glowing golden altar of the Shining One.
   448 | D        | Noticed a hungry ghost
   448 | D        | Noticed an ice beast
   448 | D        | Noticed a centaur
   448 | D        | Noticed a troll
   448 | D        | Noticed a two-headed ogre
   456 | D        | Killed a hungry ghost
   456 | D        | Reached skill level 10 in Axes
   456 | D        | Reached skill level 1 in Dodging
   456 | D        | Reached XP level 6. HP: 62/62 MP: 6/6
   460 | D        | Killed an ice beast
   460 | D        | Reached skill level 12 in Axes
   465 | D        | Reached * piety under Makhleb
   471 | D        | HP: 2/66 [troll (2)]
   472 | D        | Mangled by a troll

Illustrated notes

Levels and vault maps discovered:
D:        linesprint [early_d, line_temple, items_1, d_10, items_2, lair_1,
          lair_end, items_3, orc_1, orc_end, items_4, d_15, swamp_1, shoals_1,
          snake_1, spider_1, d_20, vaults_1, items_5, swamp_end, shoals_end,
          snake_end, spider_end, vaults_end, d_27, items_6, zot_1, zot_end,
          crypt_end, forest_end, elf_end, slime_end, tomb_end, abyss_end,
          pan_hell_end]

Skill      XL: |  1  2  3  4  5  6 |
---------------+-------------------+-----
Fighting       | 4 6 7 8 9 |  9.8
Axes           | 3 6 8 10 12 | 12.8
Armour         | 5 6 |  6.2
Shields        | 4 5 6 |  6.0
Dodging        | 1 |  1.7

Action                   |  1- 3 |  4- 6 || total
-------------------------+-------+-------++-------
Melee: War axe           |    28 |    36 ||    64
  Use: Potion            |     1 |     1 ||     2
Armor: Scale mail        |    12 |     9 ||    21
Dodge: Dodged            |     5 |     8 ||    13
Block: Kite shield       |    13 |    15 ||    28
